AoeStats
← Martdri

Arabia

508085429Analyzed
1v1 RM · 12d ago on Sep 20, 2026· 29m 4s· 2 players
Game mode
Random Map
Map size
Tiny (2 player)
Population
200
Speed
Normal
Resources
Standard
Victory
Conquest
Starting age
Dark Age
Ending age
Imperial Age
RankedLock teamsTeams togetherTeam positionsShared explorationLock speedFull tech treeHidden civsTurbo modeCheats
Victory
Defeat
🇦🇷 Franks · Argentina
1048
+17
🇯🇵 Japanese · Japan
1064
-17
Martdri
3:14 Loom
10:13 Feudal Age
10:42 Double-Bit Axe
12:08 Town Watch
17:59 Wheelbarrow
20:54 Castle Age
19:50 Scale Barding Armor
19:55 Forging
22:36 Gold Mining
24:18 Husbandry
26:07 Chain Barding Armor
29:12 Iron Casting
スサノオ
4:06 Loom
11:36 Feudal Age
12:58 Horse Collar
14:16 Wheelbarrow
14:47 Town Watch
18:22 Arson
18:37 Gold Mining
18:37 Double-Bit Axe
19:25 Stone Mining
24:47 Castle Age
26:10 Bow Saw
25:27 Pikeman
26:08 Squires
27:00 Fletching
28:59 Heavy Plow
Connection lost

Rejoining the realm…

Still unreachable

The connection could not be restored.

Session expired

The server has moved on; the page needs a fresh start.